 Dungeon Sprint DCSS version 0.28.0-53-g5a82cb258f (webtiles) character file.

Game seed: 9340833940482684365

17 Zeld the Conjurer (level 2, -1/15 HPs)
             Began as a Deep Elf Conjurer on May 28, 2022.
             Was an Initiate of Gozag.
             Slain by a necrophage (2 damage)
             ... in the Dungeon (Sprint VII: "The Pits").
             The game lasted 00:00:49 (282 turns).

Zeld the Conjurer (Deep Elf Conjurer)                Turns: 282, Time: 00:00:50

Health: -1/15      AC:  2    Str:  4    XL:     2   Next: 44%
Magic:  0/10       EV: 13    Int: 22    God:    Gozag
Gold:   252        SH:  0    Dex: 13    Spells: 10/11 levels left

rFire   . . .      SeeInvis .   h - +2 quarterstaff
rCold   . . .      Faith    .   (shield currently unavailable)
rNeg    . . .      Spirit   .   a - +0 robe
rPois   .          Reflect  .   (no helmet)
rElec   .          Harm     .   (no cloak)
rCorr   .          Rampage  .   (no gloves)
Will    .....      NoTele   +   (no boots)
Stlth   ++........              (no amulet)
HPRegen 0.05/turn               (no ring)
MPRegen 0.12/turn               (no ring)

@: no status effects
A: no striking features
a: Renounce Religion, Potion Petition, Call Merchant, Bribe Branch


You were in the Dungeon.
You worshipped Gozag.
Gozag was aware of your devotion.
You visited 1 branch You collected 252 gold pieces.

Inventory:

Hand Weapons
 h - a +2 quarterstaff (weapon)
Armour
 a - a +0 robe (worn)
Scrolls
 g - a scroll of blinking
Potions
 b - a potion of curing
 c - a potion of heal wounds
 d - a potion of haste
 e - 4 potions of magic
 f - 3 potions of berserk rage
 i - 2 potions of invisibility


   Skills:
 + Level 3.6 Dodging
 - Level 2.4 Stealth
 * Level 5.1 Spellcasting
 * Level 5.6 Conjurations


You had 10 spell levels left.
You knew the following spells:

 Your Spells              Type           Power      Damage    Failure   Level
a - Magic Dart            Conj           100%       1d8       1%          1

Your spell library contained the following spells:

 Spells                   Type           Power      Damage    Failure   Level
 Searing Ray              Conj           60%        2d6       1%          2
 Dazzling Flash           Conj/Hex       36%        N/A       10%         3
 Fulminant Prism          Conj/Hex       9%         3d7       30%         4
 Iskenderun's Mystic Bla  Conj/Tloc      18%        2d6       30%         4


Dungeon Overview and Level Annotations

Branches:
Dungeon (1/1)

Altars:
Ashenzari
Cheibriados
Dithmenos
Elyvilon
Fedhas
Gozag
Hepliaklqana
Kikubaaqudgha
Makhleb
Nemelex Xobeh
Okawaru
Qazlal
Ru
Sif Muna
Trog
Uskayaw
Vehumet
Wu Jian
Xom
Yredelemnul
Zin
The Shining One
Beogh
Jiyva
Lugonu


Message History

The necrophage closely misses you.
Unknown command.
Casting: Magic Dart (safe; 1% risk of failure)
Confirm with . or Enter, or press ? or * to list all spells.
Aiming: Magic Dart (safe; 1% risk of failure)
Press: ? - help, Shift-Dir - straight line, f/p - necrophage
Aim: a necrophage (moderately damaged, 100% to hit)
The magic dart hits the necrophage.
The necrophage is moderately damaged.
The necrophage barely misses you.
Unknown command.
Casting: Magic Dart (safe; 1% risk of failure)
Confirm with . or Enter, or press ? or * to list all spells.
Aiming: Magic Dart (safe; 1% risk of failure)
Press: ? - help, Shift-Dir - straight line, f/p - necrophage
Aim: a necrophage (moderately damaged, 100% to hit)
The magic dart hits the necrophage.
The necrophage is heavily damaged.
The necrophage hits you.
* * * LOW HITPOINT WARNING * * *
Casting: Magic Dart (safe; 1% risk of failure)
Confirm with . or Enter, or press ? or * to list all spells.
Aiming: Magic Dart (safe; 1% risk of failure)
Press: ? - help, Shift-Dir - straight line, f/p - necrophage
Aim: a necrophage (heavily damaged, 100% to hit)
The magic dart hits the necrophage.
The necrophage is severely damaged.
The necrophage hits you.
* * * LOW HITPOINT WARNING * * *
There is an open door here.
Casting: Magic Dart (safe; 1% risk of failure)
Confirm with . or Enter, or press ? or * to list all spells.
Aiming: Magic Dart (safe; 1% risk of failure)
Press: ? - help, Shift-Dir - straight line, f/p - necrophage
Aim: a necrophage (severely damaged, 100% to hit)
The magic dart hits the necrophage.
The necrophage is severely damaged.
The necrophage hits you.
You die...
Your body crumbles into a pile of gold.

#_______...###########
##########'##.........
#.?(.')))'.##......#..
##########.##.........
#...........†.........
#+#####'#####......#..
#.....# #.........
#.....# ####'#####
###@### #.......#
#...n.# #.......#
#...$.# #.......#
####'## #...<...#
#B.....n.##.......#
#g.......##.......#
###########.......#
#########


You could see a necrophage.

Vanquished Creatures
  An adder (D)
  An adder skeleton (D)
  An endoplasm (D)
  A giant cockroach (D)
  A hobgoblin (D)
  A frilled lizard (D)
6 creatures vanquished.

Notes
Turn   | Place    | Note
-------+----------+-------------------------------------------
     0 | D        | Zeld the Deep Elf Conjurer began the quest for the Orb.
     0 | D        | Reached XP level 1. HP: 10/10 MP: 6/6
    21 | D        | Found a bloodstained altar of Trog.
    21 | D        | Found a shimmering blue altar of Sif Muna.
    21 | D        | Found a viscous altar of Jiyva.
    21 | D        | Found a hazy altar of Hepliaklqana.
    21 | D        | Found an opulent altar of Gozag.
    22 | D        | Found a glowing golden altar of the Shining One.
    22 | D        | Found a glowing silver altar of Zin.
    22 | D        | Found a basalt altar of Yredelemnul.
    22 | D        | Found a shimmering altar of Xom.
    22 | D        | Found an ornate altar of the Wu Jian Council.
    22 | D        | Found a sacrificial altar of Ru.
    22 | D        | Found a stormy altar of Qazlal.
    22 | D        | Found an iron altar of Okawaru.
    22 | D        | Found a sparkling altar of Nemelex Xobeh.
    22 | D        | Found a burning altar of Makhleb.
    22 | D        | Found a blossoming altar of Fedhas.
    22 | D        | Found a white marble altar of Elyvilon.
    22 | D        | Found a shadowy altar of Dithmenos.
    22 | D        | Found a snail-covered altar of Cheibriados.
    23 | D        | Found a radiant altar of Vehumet.
    23 | D        | Found a corrupted altar of Lugonu.
    24 | D        | Found a hide-covered altar of Uskayaw.
    24 | D        | Found an ancient bone altar of Kikubaaqudgha.
    24 | D        | Found a broken altar of Ashenzari.
    31 | D        | Became a worshipper of Gozag Ym Sagoz the Greedy
   131 | D        | Reached skill level 5 in Conjurations
   240 | D        | Reached XP level 2. HP: 15/15 MP: 6/9
   268 | D        | Noticed a necrophage
   276 | D        | Reached skill level 5 in Spellcasting
   282 | D        | Slain by a necrophage

Illustrated notes

Levels and vault maps discovered:
D:        pitsprint [storerooms_1, entrance_room_1, metal_vault_6, armoury_2,
          mini_pit_1, grid_room_1, main_hall_1, silver_pit, the_coven_3,
          the_vestibule_1, steel_vault_4, golden_pit, hallway_of_sentries,
          crystal_vault_2, iron_vault_3, final_vault]

Skill      XL: |  1  2 |
---------------+-------+-----
Dodging        | 3 |  3.6
Spellcasting   | 4 5 |  5.1
Conjurations   | 5 |  5.6
Stealth        | |  2.4

Action                   || total
-------------------------++-------
Melee: Unarmed           ||     1
 Cast: Magic Dart        ||    21
Armor: Robe              ||     2
Dodge: Dodged            ||    10
